 Dungeon Crawl Stone Soup version 0.21.1-1-g345015f (webtiles) character file.

2788 kpopcowboy the Carver (level 9, -5/102 HPs)
             Began as a Demonspawn Chaos Knight on Feb 12, 2018.
             Slain by a death yak (6 damage)
             ... on level 8 of the Dungeon.
             The game lasted 00:25:40 (4267 turns).

kpopcowboy the Carver (Demonspawn Chaos Knight)     Turns: 4267, Time: 00:25:40

Health: -5/102     AC: 24    Str: 17    XL:     9   Next: 43%
Magic:  0/9        EV:  2    Int: 11    God:    Xom [..*...]
Gold:   191        SH:  0    Dex: 17    Spells: 7/8 levels left

rFire    . . .     SeeInvis .   h - +2 falchion (drain)
rCold    . . .     Gourm    .   (no shield)
rNeg     + + +     Faith    .   (armour currently unavailable)
rPois    +         Spirit   +   (helmet currently unavailable)
rElec    .         Reflect  .   (cloak currently unavailable)
rCorr    .         Harm     .   (gloves currently unavailable)
MR       .....     NoTele   +   (boots currently unavailable)
Stlth    ++........             o - amulet of magic regeneration
HPRegen  0.27/turn              k - +3 ring of dexterity
MPRegen  0.36/turn              (no ring)

@: tree-form
A: blurry vision 1, deterioration 1, dopey 1, sense surroundings 1, strong 1,
magic shield
a: Renounce Religion


You were on level 8 of the Dungeon.
You worshipped Xom.
You were a toy of Xom.
You were not hungry.
You were a tree.
You visited 1 branch of the dungeon, and saw 6 of its levels.

You collected 233 gold pieces.
You spent 42 gold pieces at shops.

Inventory:

Hand Weapons
 a - a +1 falchion of chaos
 h - a +2 falchion of draining (weapon)
 m - a +1 falchion
Armour
 b - a +2 leather armour
 g - a +1 ring mail
 i - a +0 chain mail
 p - a scarf of resistance (melded)
 q - a +1 pair of gloves (melded)
 r - a +0 plate armour (melded)
 x - a +0 pair of boots (melded)
Jewellery
 k - a +3 ring of dexterity (left branch)
 l - a +3 amulet of reflection
 o - an amulet of magic regeneration (around neck)
 u - an uncursed amulet of guardian spirit {unknown}
Wands
 t - a wand of flame (33)
 y - a wand of paralysis (12)
Scrolls
 d - 6 scrolls of identify
 f - 2 scrolls of amnesia
 j - 4 scrolls of remove curse
Potions
 e - a potion of haste
 w - a potion of curing
Books
 v - Beolloapn's Initiation to Magic
   (You found it on level 6 of the Dungeon)

   Spells                             Type                      Level
   a - Flame Tongue                   Conjuration/Fire             1
   b - Magic Dart                     Conjuration                  1
   c - Sandblast                      Earth                        1
   d - Animate Skeleton               Necromancy                   1
   e - Summon Small Mammal            Summoning                    1
Comestibles
 c - 5 rations


   Skills:
 + Level 5.2 Fighting
 * Level 9.1 Long Blades
 * Level 7.1 Armour
 + Level 1.4 Dodging
 + Level 1.4 Stealth


You had 7 spell levels left.
You knew the following spells:

 Your Spells              Type           Power        Failure   Level  Hunger
a - Animate Skeleton      Necr           N/A          34%         1    ##.....


Dungeon Overview and Level Annotations

Branches:
Dungeon (8/15)
 Temple: D:4-7         Lair: D:8-11

Altars:
Ashenzari
Fedhas
Sif Muna
Wu Jian
Xom
Yredelemnul

Shops:
D:6 *

Annotations:
D:8 PsyferXFS's ghost, novice MiFi


Innate Abilities, Weirdness & Mutations

((You have a pair of small antennae on your head.))
((You have sharp fingernails.))
((You have sharp toenails.))
((Your flesh is cold resistant. (rC+)))
When hurt, damage is shared between your health and your magic reserves.
Scrolls take you a little longer to read.
Your body sometimes deteriorates upon taking damage.
You are dopey. (Int -2)
You passively map a small area around you.
Your muscles are strong. (Str +2)


Message History

The death yak is almost dead.
The death yak gores you but does no damage. x2
You hit the death yak but do no damage.
The death yak is almost dead.
You slash the death yak!
The death yak is almost dead.
The death yak gores you but does no damage.
The death yak gores you!
* * * LOW HITPOINT WARNING * * *
You hit the death yak but do no damage.
The death yak is almost dead.
The death yak barely misses you.
You riposte.
You barely miss the death yak.
The death yak is almost dead.
The death yak gores you.
You hit the death yak but do no damage.
The death yak is almost dead.
The death yak gores you but does no damage.
The death yak gores you!
You die...
Xom roars with laughter!

##########
#......♣Y#
#.######Y#
* #Y# #W#
, #Y# * ,,
* ,,{#Y# ,
* ,* #c# *
, #Y# , ,,
* * * #.#
, * ,,


You could see 2 death yaks, 4 yaks, a centaur and PsyferXFS's ghost.

Vanquished Creatures
  A death yak (D:8)
  Pikel (D:6)
  A gargoyle (D:7)
  3 yaks (D:7)
  An ice beast (D:6)
  A sky beast (D:6)
  A slave (D:6)
  A centaur (D:7)
  Blork the orc (D:6)
  A bullfrog (D:6)
  A wyvern skeleton (D:7)
  3 scorpions
  A water moccasin skeleton (D:7)
  A wight (D:7)
  A quasit (D:7)
  2 hounds
  A centaur skeleton (D:7)
  An orc wizard (D:6)
  2 iguanas (D:7)
  A killer bee zombie (D:7)
  6 adders
  3 gnolls (D:2)
  3 oozes
  3 worms
  2 dart slugs (D:1)
  4 leopard geckos
  3 orcs
  A ball python (D:1)
  5 giant cockroaches
  7 goblins
  5 hobgoblins
  9 jackals
  2 quokkas (D:7)
  8 bats
  3 frilled lizards
  8 kobolds
  A quokka zombie (D:7)
  7 rats
106 creatures vanquished.

Vanquished Creatures (collateral kills)
  A sky beast (D:6)
  A necrophage (D:6)
  A water moccasin zombie (D:7)
  2 wights (D:7)
  An orc priest (D:6)
  An iguana (D:6)
7 creatures vanquished.

Vanquished Creatures (others)
  2 yaks (D:7)
  A slave (D:6)
  A water moccasin (D:6)
  An orc (D:6)
  A goblin (D:1)
  A hobgoblin (D:1)
7 creatures vanquished.

Grand Total: 120 creatures vanquished

Notes
Turn   | Place    | Note
-------+----------+-------------------------------------------
     0 | D:1      | kpopcowboy the Demonspawn Chaos Knight began the quest for the Orb.
     0 | D:1      | Reached XP level 1. HP: 18/18 MP: 1/1
    50 | D:1      | XOM: harmless Chrm miscast
   159 | D:1      | XOM: harmless Erth miscast
   159 | D:1      | XOM: butterfly on damage
   208 | D:1      | Gained mutation: You have sharp toenails. [demonic ancestry]
   208 | D:1      | Reached XP level 2. HP: 24/24 MP: 2/2
   236 | D:1      | Reached skill level 3 in Long Blades
   473 | D:1      | XOM: divination: detect items
   573 | D:1      | Gained mutation: When hurt, damage is shared between your health and your magic reserves. [demonic ancestry]
   573 | D:1      | Reached XP level 3. HP: 29/29 MP: 3/3
   696 | D:1      | XOM: divination: magic mapping
   920 | D:1      | XOM: divination: detect items
   922 | D:1      | XOM: summons 1 hostile shadow creature
  1324 | D:2      | XOM: give mutations
  1324 | D:2      | Gained mutation: Scrolls take you a little longer to read. [Xom's mischief]
  1324 | D:2      | Gained mutation: You are dopey. (Int -2) [Xom's mischief]
  1324 | D:2      | Gained mutation: Your body sometimes deteriorates upon taking damage. [Xom's mischief]
  1325 | D:2      | Reached XP level 4. HP: 24/35 MP: 1/4
  1481 | D:2      | Found an ornate altar of the Wu Jian Council.
  1509 | D:2      | Reached skill level 1 in Dodging
  1512 | D:2      | Reached skill level 4 in Long Blades
  1625 | D:2      | XOM: cloud trail
  1685 | D:2      | XOM: harmless Chrm miscast
  1785 | D:2      | XOM: noise
  1809 | D:3      | XOM: harmless Tmut miscast
  1864 | D:3      | Reached XP level 5. HP: 38/41 MP: 3/5
  1982 | D:3      | XOM: smoke on damage
  1987 | D:3      | Reached skill level 1 in Stealth
  2167 | D:3      | You fall through a shaft for 3 floors!
  2179 | D:6      | Found a deep blue altar of Sif Muna.
  2204 | D:6      | XOM: summons 4 friendly demons
  2235 | D:6      | Noticed Blork the orc
  2245 | D:6      | XOM: divination: magic mapping
  2247 | D:6      | Killed Blork the orc
  2247 | D:6      | Gained mutation: You have a pair of small antennae on your head. [demonic ancestry]
  2247 | D:6      | Reached XP level 6. HP: 48/48 MP: 6/6
  2271 | D:6      | XOM: harmless Necr miscast
  2280 | D:6      | XOM: summons friendly ufetubus
  2281 | D:6      | Reached skill level 5 in Long Blades
  2297 | D:6      | Found Migyish's General Store.
  2305 | D:6      | Bought a potion of lignification for 42 gold pieces
  2311 | D:6      | Noticed a sky beast
  2317 | D:6      | XOM: scenery: create altars
  2330 | D:6      | Killed a sky beast
  2330 | D:6      | Gained mutation: You have sharp fingernails. [demonic ancestry]
  2330 | D:6      | Reached XP level 7. HP: 18/53 MP: 4/7
  2383 | D:6      | XOM: scenery: create altars
  2502 | D:6      | XOM: divination: detect creatures
  2553 | D:6      | XOM: summons 6 friendly demons
  2555 | D:6      | Reached skill level 6 in Long Blades
  2567 | D:6      | Noticed Pikel
  2567 | D:6      | XOM: fake destruction
  2585 | D:6      | Killed Pikel
  2585 | D:6      | Reached skill level 7 in Long Blades
  2585 | D:6      | Reached skill level 5 in Armour
  2585 | D:6      | Reached XP level 8. HP: 51/60 MP: 8/8
  2609 | D:6      | XOM: summons 5 friendly demons
  2712 | D:6      | XOM: give mutations
  2712 | D:6      | Gained mutation: Your muscles are strong. (Str +2) [Xom's grace]
  2712 | D:6      | Gained mutation: You passively map a small area around you. [Xom's grace]
  2751 | D:6      | Identified Beolloapn's Initiation to Magic
  2822 | D:6      | XOM: draining
  3091 | D:6      | Learned a level 1 spell: Animate Skeleton
  3120 | D:7      | Noticed a gargoyle
  3138 | D:7      | XOM: divine lightning
  3142 | D:7      | XOM: cleaving
  3149 | D:7      | Killed a gargoyle
  3283 | D:7      | XOM: god gift: wand of flame (9)
  3558 | D:7      | Found a shattered altar of Ashenzari.
  3558 | D:7      | XOM: 2-stop teleportation journey
  3734 | D:7      | Reached skill level 8 in Long Blades
  3735 | D:7      | XOM: divine lightning
  3814 | D:7      | Gained mutation: Your flesh is cold resistant. (rC+) [demonic ancestry]
  3814 | D:7      | Reached XP level 9. HP: 62/66 MP: 9/9
  3825 | D:7      | XOM: 1-stop teleportation journey
  3893 | D:7      | XOM: summons 7 friendly demons
  4012 | D:7      | Found a basalt altar of Yredelemnul.
  4013 | D:7      | Found a blossoming altar of Fedhas.
  4054 | D:7      | XOM: mild Pois miscast
  4116 | D:7      | XOM: medium Conj miscast
  4167 | D:8      | Noticed a death yak
  4168 | D:8      | Noticed a death yak
  4170 | D:8      | Noticed a death yak
  4174 | D:8      | Noticed PsyferXFS's ghost (novice MiFi)
  4196 | D:8      | XOM: mild Summ miscast
  4207 | D:8      | XOM: noise
  4209 | D:8      | XOM: cast spell 'Cause Fear'
  4216 | D:8      | XOM: summons friendly shadow imp
  4218 | D:8      | XOM: harmless Tloc miscast
  4225 | D:8      | XOM: enchant monster (bad)
  4251 | D:8      | Killed a death yak
  4251 | D:8      | Reached skill level 5 in Fighting
  4251 | D:8      | Reached skill level 9 in Long Blades
  4261 | D:8      | HP: 5/102 [death yak (3)]
  4265 | D:8      | HP: 1/102 [death yak (5)]
  4267 | D:8      | Slain by a death yak

Skill      XL: |  1  2  3  4  5  6  7  8  9 |
---------------+----------------------------+-----
Long Blades    | 3 4 5 7 8 9 |  9.1
Armour         | 2 3 4 5 6 7 |  7.1
Dodging        | 1 |  1.4
Stealth        | 1 |  1.4
Fighting       | 4 5 |  5.2

Action                   |  1- 3 |  4- 6 |  7- 9 || total
-------------------------+-------+-------+-------++-------
Melee: Falchion          |    99 |   110 |   289 ||   498
       Kick              |    23 |    27 |    13 ||    63
  Use: Scroll            |       |     5 |     3 ||     8
       Potion            |       |     3 |     9 ||    12
 Stab: Paralysed         |     3 |       |       ||     3
       Sleeping          |       |       |     1 ||     1
  Eat: Ration            |     1 |       |     2 ||     3
       Chunk             |       |     1 |     1 ||     2
Armor: Leather armour    |    25 |       |       ||    25
       Chain mail        |    47 |    21 |       ||    68
       Plate armour      |       |    42 |   147 ||   189
       Skin              |       |       |    38 ||    38
Dodge: Dodged            |    51 |    23 |    47 ||   121
Block: Other             |     6 |       |       ||     6
       Rpst.: Falchion   |    17 |     5 |    12 ||    34
